 Dungeon Crawl Stone Soup version 0.29.1-12-g30fa7ad0bf (webtiles) character file.

Game seed: 8926214810300144369

263 growler the Chucker (level 5, -7/42 HPs)
             Began as a Demonspawn Wanderer on Jan 8, 2023.
             Killed from afar by an orc wizard (9 damage)
             ... with a magic dart
             ... on level 3 of the Dungeon.
             The game lasted 00:05:19 (3084 turns).

growler the Chucker (Demonspawn Wanderer)           Turns: 3084, Time: 00:05:20

Health: -7/42      AC:  3    Str: 13    XL:     5   Next: 98%
Magic:  5/5        EV: 12    Int: 12    God:
Gold:   107        SH:  5    Dex: 15    Spells: 4/4 levels left

rFire   . . .      SeeInvis .   l - +2 dagger (flame)
rCold   . . .      Faith    .   (no shield)
rNeg    . . .      Spirit   .   f - +0 robe
rPois   .          Reflect  +   (no helmet)
rElec   .          Harm     .   (no cloak)
rCorr   .          Rampage  .   (no gloves)
Will    .....                   d - +0 pair of boots
Stlth   +.........              k - amulet of reflection
HPRegen 0.14/turn               (no ring)
MPRegen 0.09/turn               (no ring)

@: hasted, very quick
A: demonic guardian 1, weakness stinger 1, demonic touch 2
a: no special abilities


You were on level 3 of the Dungeon.
You visited 1 branch of the dungeon, and saw 3 of its levels.

You collected 107 gold pieces.

Inventory:

Hand Weapons
 a - a +2 dagger
 l - a +2 dagger of flaming (weapon)
Missiles
 b - 2 curare-tipped darts (quivered)
 h - 6 poisoned darts
Armour
 d - a +0 pair of boots (worn)
 f - a +0 robe (worn)
Jewellery
 k - an amulet of reflection (around neck)
Scrolls
 c - a scroll of poison {unknown}
 e - 3 scrolls of fear
 i - 2 scrolls of identify {unknown}
 j - a scroll of magic mapping {unknown}
 n - 2 scrolls of teleportation {unknown}
 p - a scroll of enchant armour {unknown}
Potions
 g - 2 potions of brilliance {unknown}
 m - a potion of haste
 o - a potion of heal wounds {unknown}


   Skills:
 + Level 3.9 Fighting
 - Level 2.0 Short Blades
 - Level 1.7 Staves
 - Level 5.0 Throwing
 - Level 2.6 Dodging


You had 4 spell levels left.
You didn't know any spells.
Your spell library contained the following spells:

 Spells                   Type           Power      Damage    Failure   Level
 Scorch                   Fire           0%         2d5       45%         2
 Ozocubu's Armour         Ice            0%         N/A       69%         3
 Flame Wave               Conj/Fire      0%         2d4       97%         4
 Summon Cactus Giant      Summ           0%         N/A       100%        6
 Ozocubu's Refrigeration  Ice            0%         4d7       100%        7


Dungeon Overview and Level Annotations

Branches:
Dungeon (3/15)

Altars:

Annotations:
D:2 1 runed translucent door, Crazy Yiuf


Innate Abilities, Weirdness & Mutations

A weak demonic guardian rushes to your aid.
You have a small tail.
Your touch may inflict irresistible damage on your foes.


Message History

Your white imp hits something but does no damage.
You hear some strange, mumbled words.
You are more confused.
The orc hits you with a +0 flail.
* * * LOW HITPOINT WARNING * * *
Unknown command.
You miss the orc. Your touch misses the orc.
Your white imp gestures at the orc.
The puff of frost hits the orc!
The orc dies!
Something hits you.
* * * LOW HITPOINT WARNING * * *
Unknown command.
You bump into the rock wall.
Your white imp hits something but does no damage.
Something hits your white imp.
Unknown command.
You bump into the rock wall.
Your white imp closely misses something.
Something hits your white imp.
Your white imp dies!
Your white imp disappears in a puff of smoke!
An orc comes into view. It is wielding a +0 mace.
Unknown command.
The orc shouts!
Something barely misses you. Something hits you.
* * * LOW HITPOINT WARNING * * *
Things that are here:
a +0 flail; an orc corpse Unknown command.
Something hits you.
* * * LOW HITPOINT WARNING * * *
Unknown command.
It was a potion of haste.
You feel yourself speed up.
You feel less confused.
You hear some strange, mumbled words.
A magic dart appears from out of thin air!
The magic dart hits you!
You die...

).... ###.......#o..## #.
.....##.........#.#... #.
#.....#.#.......#.....###.
.#.......#.......... #.....
.........#........#. #.....
#......#)#.......###.#....)
##.....#.........# #.#.....
.?....)#.o{......# #.......
#.........@.....#####......
##.....).............#.....
#.....####..##...###.......
#..... ...............†....
#.... .....#####.####.....
..... ..###.# #...##.....
.#.. #. ## ###....##.# #.#
####....# ##..##


You could see an orc.

Vanquished Creatures
  A howler monkey (D:3)
  An orc priest (D:2)
  Natasha (thrice) (D:2)
  3 gnolls (D:2)
  4 adders
  A worm (D:2)
  A dart slug (D:1)
  5 orcs (D:3)
  2 bats
  3 endoplasms
  2 giant cockroaches (D:1)
  3 goblins
  A hobgoblin (D:1)
  3 kobolds (D:2)
  4 quokkas
  3 ball pythons
  5 rats
45 creatures vanquished.

Vanquished Creatures (collateral kills)
  2 orcs (D:3)
  A hobgoblin (D:2)
3 creatures vanquished.

Grand Total: 48 creatures vanquished

Notes
Turn   | Place    | Note
-------+----------+-------------------------------------------
     0 | D:1      | growler the Demonspawn Wanderer began the quest for the
                  | Orb.
     0 | D:1      | growler set off with the following items: a +2 dagger, 2
                  | curare-tipped darts, a +0 quarterstaff, a +0 pair of boots,
                  | a scroll of fear, a +0 robe.
     0 | D:1      | Reached XP level 1. HP: 15/15 MP: 1/1
   469 | D:1      | Reached skill level 1 in Short Blades
   469 | D:1      | Discovered your monstrous ancestry.
   469 | D:1      | Gained mutation: You have a small tail. [demonic ancestry]
   469 | D:1      | Reached XP level 2. HP: 20/21 MP: 2/2
   876 | D:2      | Reached skill level 4 in Throwing
   885 | D:2      | Gained mutation: Your touch may inflict minor irresistible
                  | damage on your foes. [demonic ancestry]
   885 | D:2      | Reached XP level 3. HP: 12/26 MP: 3/3
  1236 | D:2      | Found a faded altar of an unknown god.
  1319 | D:2      | Found a runed translucent door.
  1320 | D:2      | Noticed Crazy Yiuf
  1404 | D:2      | Noticed Natasha
  1413 | D:2      | Killed Natasha
  1414 | D:2      | Gained mutation: Your touch may inflict irresistible damage
                  | on your foes. [demonic ancestry]
  1414 | D:2      | Reached XP level 4. HP: 13/32 MP: 4/4
  2117 | D:2      | Noticed Natasha
  2122 | D:2      | Killed Natasha
  2356 | D:3      | Gained mutation: A weak demonic guardian rushes to your
                  | aid. [demonic ancestry]
  2356 | D:3      | Reached XP level 5. HP: 36/39 MP: 5/5
  2372 | D:3      | Reached skill level 5 in Throwing
  2599 | D:2      | Noticed Natasha
  2606 | D:2      | Killed Natasha
  3083 | D:3      | HP: 2/42 [something (3)]
  3084 | D:3      | Killed from afar by an orc wizard

Illustrated notes

Levels and vault maps discovered:
D:1:      lightli_arrival_noodles, layout_basic
D:2:      layout_loops_corners, dreamdust_ecumenical_altar_statues,
          uniq_crazy_yiuf_cottage, uniq_natasha
D:3:      layout_rooms, mainiacjoe_overflow_cross_hatched,
          nicolae_overflow_hidden_temple, serial_shops, nicolae_shop_stone,
          grunt_ministairs_12, uniq_robin, uniq_terence

Skill      XL: |  1  2  3  4  5 |
---------------+----------------+-----
Short Blades   | 1 2 |  2.0
Throwing       | 4 5 |  5.0
Fighting       | 2 3 |  3.9
Staves         | |  1.7
Dodging        | |  2.6

Action                   |  1- 3 |  4- 6 || total
-------------------------+-------+-------++-------
Melee: Dagger            |    71 |    66 ||   137
       Punch             |     1 |       ||     1
       Tailslap          |     5 |    10 ||    15
       Touch             |     5 |    12 ||    17
  Use: Potion            |       |     1 ||     1
 Stab: Sleeping          |     1 |     1 ||     2
Armor: Robe              |     8 |     8 ||    16
Dodge: Dodged            |    30 |    33 ||    63
Block: Other             |     5 |     8 ||    13
